 BcadrenCrawl: Boulder Brew version 0.04.2-20-g1dbc4a6302 (webtiles) character file.

Game seed: 3856439098241640993, levelgen mode: deterministic

7143 st0uf the Nimble (level 10, -5/84 HPs) Black Draconian Demonspawn. Began on May 24, 2021. Was a Believer of Bahamut & Tiamat. Slain by a merfolk ... wielding a +2 trident of protection (20 damage) ... on level 5 of the Dungeon. The game lasted 00:29:28 (4912 turns).

st0uf the Nimble (Black Draconian Demonspawn)       Turns: 4912, Time: 00:29:28

Health: -5/84      AC: 12    Str: 17    XL:     10 ^: 767
Magic:  19/19      EV: 18    Int: 12    God:    Bahamut & Tiamat [2* [61]]
Gold:   275        SH:  0    Dex: 14    Spells: 20/21 levels left

rFire    . . .     Vision   +     - Unarmed
rCold    . . .     Gourm    .     - Unarmed
rNeg     . . .     Faith    .   (armour unavailable)
rPois    .         Spirit   .   (helmet unavailable)
rElec    .         Reflect  .   j - scarf {cloud immunity}
rCorr    .         Harm     .   A - +0 pair of gloves
MR       .....                  a - +0 pair of boots
Stlth    +++++.....             (no amulet)
HPRegen  0.38/turn              (no ring)
MPRegen  0.29/turn              (no ring)

@: no status effects
A: no body armour, unfitting armour, antennae 3, iridescent scales 1,
cold-blooded, rot immunity, boosted slings aptitude, necromancy enhancer 1,
Stlth+++, AC +8
a: Breathe Negative Energy, Choose Bahamut's Refined Breath, Choose Tiamat's
Adaptive Breath, Renounce Religion


You were on level 5 of the Dungeon.
You worshipped Bahamut & Tiamat.
Bahamut & Tiamat was pleased with you.
You were hungry.

You visited 2 branches of the dungeon, and saw 6 of its levels.

You collected 275 gold pieces.

Inventory:

Weapons
 y - a +0 hunting sling Shields
 o - a +0 buckler
Armour
 a - a +0 pair of boots (worn)
 j - a scarf of cloud immunity (worn)
 A - a +0 pair of gloves (worn)
Jewellery
 h - an uncursed ring of protection from magic
 n - an uncursed ring of protection from magic
 u - an uncursed ring of positive energy
 v - an uncursed ring of wizardry
 w - an uncursed ring of poison resistance
 x - an uncursed ring of magical power
Wands
 i - a wand of scattershot (7)
Scrolls
 c - 3 scrolls of blinking
 e - a scroll of fog
 g - 3 scrolls of bless item
 m - 3 scrolls of teleportation
 p - 5 scrolls of enchantment
 q - a scroll of silence
 s - a scroll of fear
 t - 3 scrolls of acquirement
Potions
 f - 3 potions of agility
 k - 2 potions of lignification
 l - a potion of mutation
 r - 3 potions of curing
 B - a potion of cure mutation
Miscellaneous
 d - a fan of gales
Comestibles
 b - 9 rations
 z - 2 chunks of flesh


   Skills:
 * Level 6.5 Fighting
 + Level 3.3 Slings
 + Level 9.4 Dodging
 - Level 2.0 Stealth
 + Level 6.2 Unarmed Combat
 * Level 6.0 Spellcasting
 - Level 1.5 Fire Magic
 * Level 5.7 Invocations


You had 20 spell levels left.
You knew the following spells:

 Your Spells              Type           Power        Failure   Level  Hunger
a - Flame Tongue          Fire           7 (30)       10%         1    None

Your spell library contained the following spells:

 Spells                   Type           Power        Failure   Level  Hunger
 Beastly Appendage        Tmut           3 (50)       19%         1    None
 Blink                    Tloc           N/A          26%         2    ##.....
 Call Imp                 Summ           3 (100)      26%         2    ##.....
 Slow                     Hex            3 (100)      26%         2    ##.....
 Sticks to Snakes         Tmut           3 (100)      26%         2    ##.....
 Conjure Flame            Fire           7 (100)      28%         3    ###....
 Mephitic Cloud           Pois/Air       3 (100)      47%         3    ###....
 Scorpion Form            Tmut/Pois      3 (200)      47%         3    ###....
 Snakes to Sticks         Hex/Tmut       3 (100)      47%         3    ###....
 Ice Form                 Ice/Tmut       3 (100)      87%         4    ####...
 Blade Hands              Tmut           3 (200)      99%         5    ######.


Dungeon Overview and Level Annotations

Branches:
Dungeon (5/8)              Temple (1/1) D:4            Lair (0/6) D:5

Altars:
Ashenzari Bahamut & Tiamat
Cheibriados
Dithmenos
Elyvilon
Fedhas Madash
Gozag Ym Sagoz
Hepliaklqana
Okawaru
Qazlal
Ru
Sif Muna
Trog
Vehumet
Yredelemnul
Zin
The Shining One


Innate Abilities, Weirdness & Mutations

You cannot fit into any form of body armour.
Your shadowy dark scales are resilient. (AC +8)
You can breathe bolts of negative energy.
You have a pair of large antennae on your head. (+Vis)
You are partially covered in iridescent scales. (AC +2)
You are cold-blooded and may be slowed by cold attacks.
You are immune to rotting.
You are naturally skilled at Slings (Aptitude +3).
You are in touch with the powers of death.
Your shadowy dark scales make you much more stealthy. (Stealth++)


Message History

The merfolk hits you with a +2 trident of protection (17)!
The necrophage completely misses you (0).
You hit the merfolk (5). You hit the merfolk (2).
You tail-slap the merfolk, but do no damage.
The merfolk is heavily wounded. (31/54) HP A hound comes into view.
The hound barks!
You hit the merfolk (6). You punch the merfolk (10)!
The merfolk is severely wounded. (15/54) HP The merfolk hits you with a +2 trident of protection (19)!!
* * * LOW HITPOINT WARNING * * *
The necrophage closely misses you (0).
Unknown command.
You hit the merfolk but do no damage. You hit the merfolk (3).
The merfolk is severely wounded. (12/54) HP Unknown command.
You hit the merfolk (3). You barely miss the merfolk.
The merfolk is almost dead. (9/54) HP The merfolk hits you with a +2 trident of protection (20)!!
You die...

#.... # .... #. ..##
######. #.. #..#
....... #...##..#####
....... #...........#
.......
#.....).#.#.##.......
######<##.#]#..†n......
... #......[..@m..h...
#.##.####.####..###..
#....##.....##....#
.....#..†..†.#...## #
## #.#.†.....#.....
#######.$.$._.......#.#
.#)...†.#.......#.....#
..†####.#.......#....##
...# #.##.)...## ..


You could see a merfolk, a necrophage and a hound.

Vanquished Creatures
  A two-headed ogre (D:4)
  A deep elf mage (D:5)
  An elephant (D:5)
  Prince Ribbit (D:2)
  A hippogriff (D:5)
  Sigmund (D:2)
  Menkaure (D:2)
  A hungry ghost (D:5)
  3 slime creatures (D:2)
  An orc warrior (D:4)
  A phantom (D:5)
  4 scorpions
  3 porcupines
  3 sky beasts
  2 black bears
  An ice beast (D:4)
  3 ogres
  5 big kobolds (D:2)
  4 crocodiles
  4 bullfrogs
  A gnoll sergeant (D:4)
  3 howler monkeys
  4 wights (D:4)
  2 crimson imps (D:4)
  An orc priest (D:3)
  4 hounds
  5 jellies
  5 orc wizards
  2 worker ants (D:3)
  3 iguanas
  2 wyvern zombies (D:4)
  15 giant cockroaches
  2 bullfrog zombies
  5 bullfrog skeletons
  3 gnolls (D:4)
  13 adders
  55 sewer rats (D:2)
  A white imp (D:4)
  14 cinder newts
  5 worms
  A killer bee zombie (D:5)
  16 oozes
  A dart slug (D:1)
  11 leopard geckos
  18 orcs
  4 adder skeletons
  2 ball pythons
  A hobgoblin (D:1)
  10 jackals
  2 quokkas
  A ball python skeleton (D:2)
  3 bats
  A bat skeleton (D:2)
  A goblin (D:1)
  23 kobolds
  A kobold skeleton (D:2)
  A quokka skeleton (D:5)
  10 rats
  6 withered plants (D:2)
300 creatures vanquished.

Vanquished Creatures (others)
  2 jellies (D:2)
  5 giant cockroaches (D:2)
  A sewer rat (D:2)
  A leopard gecko (D:2)
  A bat (D:2)
  3 ball pythons (D:2)
  A kobold skeleton (D:2)
  A leopard gecko skeleton (D:2)
  A rat (D:2)
  2 giant blowflies (D:2)
  118 withered plants (D:2)
136 creatures vanquished.

Grand Total: 436 creatures vanquished

Notes
Turn   | Place    | Note
-------+----------+-------------------------------------------
     0 | D:1      | st0uf the Immature Draconian Demonspawn began the quest for
                  | the Orb.
     0 | D:1      | Reached XP level 1. HP: 16/16 MP: 3/3
    57 | D:1      | Gained mutation: You are immune to rotting. [demonic
                  | ancestry]
    57 | D:1      | Reached XP level 2. HP: 23/23 MP: 4/4
   249 | D:1      | Reached skill level 3 in Dodging
   249 | D:1      | Reached XP level 3. HP: 28/28 MP: 5/5
   272 | D:1      | Gained mutation: You are partially covered in iridescent
                  | scales. (AC +2) [demonic ancestry]
   272 | D:1      | Reached XP level 4. HP: 33/35 MP: 6/6
   621 | D:2      | Reached XP level 5. HP: 40/40 MP: 7/7
   916 | D:2      | Gained mutation: You have a pair of small antennae on your
                  | head. [demonic ancestry]
   916 | D:2      | Reached XP level 6. HP: 43/47 MP: 8/8
  1035 | D:2      | Noticed a slime creature
  1061 | D:2      | Killed a slime creature
  1061 | D:2      | Reached skill level 5 in Unarmed Combat
  1061 | D:2      | Your scales start taking on a shadowy dark colour.
  1061 | D:2      | Reached XP level 7. HP: 29/53 MP: 9/9
  1061 | D:2      | Gained mutation: You have a pair of antennae on your head.
                  | [demonic ancestry]
  1061 | D:2      | Gained mutation: Your shadowy dark scales make you much
                  | more stealthy. (Stealth++) [Black Draconian growth]
  1061 | D:2      | Gained mutation: You are in touch with the powers of death.
                  | [Black Draconian growth]
  1184 | D:2      | Reached skill level 4 in Dodging
  1208 | D:2      | Gained mutation: You have a pair of large antennae on your
                  | head. (+Vis) [demonic ancestry]
  1208 | D:2      | Reached XP level 8. HP: 21/61 MP: 10/10
  1349 | D:2      | Reached skill level 5 in Dodging
  1416 | D:2      | Noticed Prince Ribbit
  1423 | D:2      | Killed Prince Ribbit
  1423 | D:2      | Reached skill level 6 in Dodging
  1554 | D:2      | Noticed Menkaure
  1580 | D:2      | Killed Menkaure
  1580 | D:2      | Reached skill level 7 in Dodging
  1809 | D:2      | Reached XP level 9. HP: 68/68 MP: 11/11
  2210 | D:2      | Noticed Sigmund
  2217 | D:2      | Killed Sigmund
  2361 | D:2      | Found a faded altar of an unknown god.
  2669 | D:3      | Reached skill level 8 in Dodging
  2986 | D:3      | Identified 2 scrolls of acquirement
  3036 | D:3      | Found a white marble altar of Elyvilon.
  3508 | D:4      | Reached skill level 5 in Fighting
  3606 | D:4      | Gained mutation: You are naturally skilled at Slings
                  | (Aptitude +3). [draconic bloodline]
  3606 | D:4      | Reached XP level 10. HP: 74/81 MP: 16/16
  3640 | D:4      | Found a staircase to the Ecumenical Temple.
  3646 | Temple   | Entered the Ecumenical Temple
  3656 | Temple   | Became a worshipper of Bahamut & Tiamat
  3869 | D:4      | Reached * piety under Bahamut & Tiamat
  3869 | D:4      | Reached skill level 5 in Spellcasting
  3961 | D:4      | Reached skill level 9 in Dodging
  4172 | D:5      | Entered Level 5 of the Dungeon
  4177 | D:5      | Noticed a two-headed ogre
  4429 | D:4      | Killed a two-headed ogre
  4667 | D:5      | Reached skill level 1 in Slings
  4681 | D:5      | Reached skill level 5 in Invocations
  4689 | D:5      | Found a staircase to the Lair.
  4820 | D:5      | Reached ** piety under Bahamut & Tiamat
  4827 | D:5      | Found a hazy altar of Hepliaklqana.
  4877 | D:5      | Noticed a deep elf mage
  4890 | D:5      | Killed a deep elf mage
  4912 | D:5      | Slain by a merfolk

Levels and vault maps discovered:
D:1:      onia_arrival_handbag, layout_basic, gup_sewer_entry_pipe
D:2:      layout_sewer, sewer_frog_spiral, serial_shops, shop,
          chequers_ecumenical_altar_island, item_on_display_merged,
          uniq_menkaure, uniq_sigmund
D:3:      layout_basic, lemuel_round_altar, first_ration
D:4:      layout_basic, minmay_temple_entry_arrows
D:5:      layout_basic, marbit_many_paths, old_standard_altar,
          dancing_weapons_uskayaw, david_lair_generic, hangedman_stone_soup
Temple:   nicolae_temple_no_exploring_needed

Skill      XL: |  1  2  3  4  5  6  7  8  9 10 |
---------------+-------------------------------+-----
Dodging        | 3 4 7 8 9 |  9.4
Unarmed Combat | 2 3 4 5 6 |  6.2
Stealth        | 2 |  2.0
Fighting       | 2 5 6 |  6.5
Spellcasting   | 4 6 |  6.0
Invocations    | 5 |  5.7
Slings         | 3 |  3.3
Fire Magic     | |  1.5

Action                   |  1- 3 |  4- 6 |  7- 9 | 10-12 || total
-------------------------+-------+-------+-------+-------++-------
Melee: Unarmed           |    63 |   264 |   757 |   299 ||  1383
       Tailslap          |     3 |    15 |    44 |    29 ||    91
 Fire: Hunting sling     |       |       |       |    89 ||    89
Invok: Choose Bahamut's  |       |       |       |     1 ||     1
 Stab: Sleeping          |     2 |     2 |    20 |     4 ||    28
       Distracted        |       |       |     1 |       ||     1
  Eat: Chunk             |       |     1 |    10 |     5 ||    16
Armor: Skin              |     3 |    27 |    80 |    45 ||   155
Dodge: Dodged            |    12 |    62 |   225 |   148 ||   447
